AoeStats
← [GDL] Maldito Pantoja

Team Islands

503260521Analyzed
4v4 RM · 1mo ago on Aug 30, 2026· 30m 32s· 8 players
Game mode
Random Map
Map size
242×242
Population
200
Speed
Normal
Resources
Standard
Victory
Conquest
Starting age
Dark Age
Ending age
Imperial Age
RankedLock teamsTeams togetherTeam positionsShared explorationLock speedFull tech treeHidden civsTurbo modeCheats
Victory
Defeat
🇫🇷 Portuguese · France
1363
+14
🇳🇴 Vikings · Norway
1324
+15
🇲🇽 Italians · Mexico
1316
+16
🇺🇸 Dravidians · United States
1275
+18
🇧🇷 Vikings · Brazil
1321
-16
🇬🇧 Portuguese · United Kingdom
1319
-16
🇧🇷 Japanese · Brazil
1314
-16
🇧🇷 Berbers · Brazil
1301
-15
Karzul
8:51 Loom
10:52 Feudal Age
14:57 Castle Age
13:29 Double-Bit Axe
15:04 Fletching
16:35 Bodkin Arrow
22:25 Ballistics
22:19 Careening
24:55 Horse Collar
Lishen
10:10 Feudal Age
14:54 Castle Age
14:14 Fletching
14:23 Double-Bit Axe
14:23 Horse Collar
14:49 Gold Mining
16:59 Bodkin Arrow
20:02 Bow Saw
22:00 Ballistics
23:50 Clinker Construction
24:04 Careening
29:36 Padded Archer Armor
30:34 Leather Archer Armor
caio_pantaneiro
9:21 Loom
11:58 Feudal Age
13:27 Town Watch
17:00 Castle Age
15:30 Double-Bit Axe
15:37 Stone Mining
16:08 Fishing Lines
17:31 Wheelbarrow
16:48 Gold Mining
18:40 Gillnets
18:57 Scale Mail Armor
19:07 Forging
18:48 Fletching
19:38 Gold Shaft Mining
19:19 Bow Saw
22:04 Town Patrol
22:47 Fervor
24:38 Chain Mail Armor
24:59 Iron Casting
paladin
4:44 Loom
9:52 Feudal Age
10:26 Double-Bit Axe
16:04 Wheelbarrow
16:12 Gold Mining
16:46 Fletching
24:40 Castle Age
23:40 Forging
23:36 Horse Collar
24:33 Bloodlines
24:49 Light Cavalry
25:30 Husbandry
26:25 Iron Casting
25:55 Scale Barding Armor
26:59 Hand Cart
30:08 Chain Barding Armor
Im a Smurf
10:29 Feudal Age
15:24 Castle Age
13:54 Double-Bit Axe
14:54 Fletching
15:56 Wheelbarrow
15:54 Gold Mining
16:27 Medium Warships
19:55 Bow Saw
20:37 Bodkin Arrow
20:42 Padded Archer Armor
22:11 Hand Cart
26:59 Leather Archer Armor
27:08 Ballistics
31:11 Imperial Age
28:27 Loom
29:28 Pikeman
[GDL] Maldito Pantoja
4:47 Loom
10:56 Feudal Age
16:04 Double-Bit Axe
18:30 Castle Age
16:30 Gold Mining
18:40 Demolition Ship
19:34 Medium Warships
21:51 Wheelbarrow
23:22 Stone Mining
27:08 Hand Cart
28:20 Town Watch
28:26 Horse Collar
31:48 Imperial Age
29:39 Heavy Plow
jojomolo
10:30 Feudal Age
11:51 Double-Bit Axe
14:16 Wheelbarrow
13:36 Horse Collar
18:35 Castle Age
18:05 Gold Mining
18:42 Fishing Lines
19:37 Medium Warships
20:50 Fletching
21:41 Bow Saw
23:41 Gillnets
23:58 Loom
24:01 Town Watch
25:27 Ballistics
26:10 Medium Warships
26:02 Bodkin Arrow
27:29 Stone Mining
31:18 Wheelbarrow
martinhval
10:58 Feudal Age
12:00 Double-Bit Axe
14:59 Castle Age
13:39 Fletching
14:18 Fishing Lines
15:53 Bow Saw
15:44 Loom
16:08 Gillnets
17:42 Bodkin Arrow
20:05 Ballistics
21:10 Clinker Construction
21:03 Gold Mining
22:36 Careening
23:09 Stone Mining
27:39 Gold Shaft Mining
26:52 Horse Collar
28:58 Stone Mining
Connection lost

Rejoining the realm…

Still unreachable

The connection could not be restored.

Session expired

The server has moved on; the page needs a fresh start.